 Dungeon Crawl Stone Soup version 0.21-a0-137-g951aa02 (webtiles) character file.

41 Charly the Ruffian (level 3, -15/29 HPs)
             Began as a Centaur Skald on July 19, 2017.
             Demolished by an ogre
             ... wielding a +0 giant club
              (21 damage)
             ... on level 4 of the Dungeon.
             The game lasted 00:05:57 (548 turns).

Charly the Ruffian (Centaur Skald)                   Turns: 548, Time: 00:05:58

Health: -15/29     AC:  3    Str: 13    XL:     3   Next: 32%
Magic:  3/5        EV:  9    Int: 13    God:
Gold:   25         SH:  0    Dex:  8    Spells: 1/5 levels left

rFire    . . .     SeeInvis .     - Unarmed
rCold    . . .     Gourm    .   (no shield)
rNeg     . . .     Faith    .   (no armour)
rPois    .         Spirit   .   (no helmet)
rElec    .         Reflect  .   (no cloak)
rCorr    .         Harm     .   (no gloves)
MR       .....                  (no barding)
Stlth    +.........             (no amulet)
HPRegen  0.09/turn              (no ring)
MPRegen  0.09/turn              (no ring)

@: very slightly contaminated, very quick
A: hooves 3, deformed body, speed 2, tough skin 3
a: no special abilities


You were on level 4 of the Dungeon.
You were not hungry.

You visited 1 branch of the dungeon, and saw 4 of its levels.

You collected 25 gold pieces.

Inventory:

Armour
 a - a +0 leather armour
Wands
 j - a wand of iceblast (0/15)
Scrolls
 d - a scroll of noise
 i - a scroll of identify
Potions
 e - a potion of ambrosia
 g - a potion of flight {unknown}
 h - a potion of lignification {unknown}
 k - a potion of curing {unknown}
 l - a potion of agility {unknown}
Books
 b - a book of Battle

   Spells                             Type                      Level
   a - Infusion                       Charms                       1
   b - Shroud of Golubria             Charms/Translocation         2
   c - Song of Slaying                Charms                       2
   d - Spectral Weapon                Hexes/Charms                 3
   e - Regeneration                   Charms/Necromancy            3
Comestibles
 c - 3 bread rations
 f - 3 meat rations


   Skills:
 - Level 2.0 Fighting
 - Level 0.6 Armour
 - Level 1.3 Dodging
 - Level 3.5 Unarmed Combat
 - Level 1.5 Spellcasting
 - Level 2.6 Charms
 + Level 0.8 Necromancy


You had one spell level left.
You knew the following spells:

 Your Spells              Type           Power        Failure   Level  Hunger
a - Infusion              Chrm           #...         9%          1    ##.....
r - Regeneration          Chrm/Necr      #.........   36%         3    ####...


Dungeon Overview and Level Annotations

Branches:
Dungeon (4/15)
 Temple: D:4-7

Altars:


Innate Abilities, Weirdness & Mutations

You have hooves in place of feet.
Armour fits poorly on your strangely shaped body.
You cover ground very quickly.
You have extremely tough skin. (AC +3)


Message History

Okay, then.
Evoke which item? (* to show all) (? for menu, Esc to quit)
Aiming: Iceblast (will waste charges)
Press: ? - help, Shift-Dir - straight line, f/p - scorpion
Aim: a scorpion That beam is likely to hit you.
Continue anyway?
Okay, then.
Evoke which item? (* to show all) (? for menu, Esc to quit)
Aiming: Iceblast (will waste charges)
Press: ? - help, Shift-Dir - straight line, f - ogre, p - scorpion
Aim: an ogre, wielding a giant club (moderately wounded)
The mass of ice explodes!
The iceblast engulfs the ogre.
The ogre is almost dead.
Evoking this partially-identified wand wasted a few charges.
The scorpion barely misses you.
Evoke which item? (* to show all) (? for menu, Esc to quit)
Okay, then.
The ogre hits you with a giant club!!
Ouch! That really hurt!
You die...

#........# ############
#......>.# ###..........##
###........#
#..........)..########..........#
..#.............>......#........#
.##............#########........#
..#............#####............#
..#............##Os..############
................@.####
.##.#...a....<#####
..#r.....).....# #$†##.h.....)..#
##.##..........# #)##..........#
##h##..>.......# ..r...........##
###..##......##


You could see an ogre and a scorpion.

Vanquished Creatures
  2 adders
  2 dart slugs
  2 leopard geckos
  A giant cockroach (D:3)
  2 hobgoblins
  A quokka (D:4)
  2 bats (D:3)
  A frilled lizard (D:2)
  2 kobolds (D:2)
  4 rats
19 creatures vanquished.

Notes
Turn   | Place    | Note
-------+----------+-------------------------------------------
     0 | D:1      | Charly the Centaur Skald began the quest for the Orb.
     0 | D:1      | Reached XP level 1. HP: 17/17 MP: 3/3
    47 | D:1      | Reached XP level 2. HP: 17/24 MP: 0/4
   208 | D:3      | Reached skill level 3 in Unarmed Combat
   228 | D:3      | -1
   293 | D:3      | Reached XP level 3. HP: 20/29 MP: 0/5
   299 | D:3      | Learned a level 3 spell: Regeneration
   340 | D:4      | Noticed a scorpion
   365 | D:3      | Noticed an ogre
   497 | D:4      | Noticed an ogre
   499 | D:4      | Noticed an ogre
   548 | D:4      | Demolished by an ogre

Vault maps used:
D:1:      dpeg_arrival_pits
D:2:      first_bread, uniq_terence
D:3:      hangedman_decor_growths, dk_yredelemnul_ordeal

Skill      XL: |  1  2 |
---------------+-------+-----
Unarmed Combat | 3 |  3.5
Fighting       | |  2.0
Armour         | |  0.6
Dodging        | |  1.3
Spellcasting   | |  1.5
Charms         | |  2.6
Necromancy     | |  0.8

Action                   || total
-------------------------++-------
Melee: Unarmed           ||    64
       Kick              ||    14
 Cast: Infusion          ||     6
Evoke: Wand              ||     2
  Use: Scroll            ||     4
Armor: Leather armour    ||    16
       Skin              ||     3
Dodge: Dodged            ||    32
